 Dungeon Crawl Stone Soup version 0.18-a0-1745-gffa9a88 (webtiles) character file.

432 Shizoidos the Ducker (level 6, -7/62 HPs)
             Began as a Troll Berserker on Apr 11, 2016.
             Was a Priest of Trog.
             Mangled by Duvessa
             ... wielding a +0 short sword
              (18 damage)
             ... on level 4 of the Dungeon.
             The game lasted 00:27:28 (2736 turns).

Shizoidos the Ducker (Troll Berserker)              Turns: 2736, Time: 00:27:28

Health: -7/62      AC:  5    Str: 28    XL:     6   Next: 67%
Magic:  5/5        EV: 11    Int:  3    God:    Trog [***...]
Gold:   232        SH:  0    Dex:  9    Spells: 0 memorised, 5 levels left

rFire  + . .     SeeInvis .       - Unarmed
rCold  . . .     Gourm    +     a - +0 animal skin
rNeg   . . .     Faith    .     (no shield)
rPois  .         Spirit   .     (helmet restricted)
rElec  .         Dismiss  .     (no cloak)
rCorr  +         Reflect  .     (gloves unavailable)
SustAt .         Harm     .     (boots unavailable)
MR     .....                    (no amulet)
Stlth  +.........               d - ring of protection from fire
                                k - ring of resist corrosion

@: exhausted, slowed, very slow, not resistant to hostile enchantments, very
unstealthy
A: unfitting armour, claws 3, fast metabolism 3, gourmand, regeneration 2,
shaggy fur 1, tough skin 2
a: Berserk, Trog's Hand, Burn Spellbooks, Renounce Religion


You were on level 4 of the Dungeon.
You worshipped Trog.
Trog was most pleased with you.
You were not hungry.

You visited 1 branch of the dungeon, and saw 5 of its levels.

You collected 232 gold pieces.

Inventory:

Hand Weapons
 e - a +1 hand axe
Armour
 a - a +0 animal skin (worn)
Jewellery
 d - a ring of protection from fire (right claw)
 k - a ring of resist corrosion (left claw)
 l - an uncursed ring of see invisible
Scrolls
 b - a scroll of magic mapping
 i - 3 scrolls of immolation
 j - 3 scrolls of remove curse
 m - a scroll of random uselessness
Potions
 g - a potion of degeneration
 o - a potion of curing {unknown}
Comestibles
 c - a beef jerky
 h - a meat ration
 n - a bread ration


   Skills:
 + Level 3.7 Fighting
 * Level 4.7 Dodging
 - Level 0.1 Stealth
 + Level 4.6 Unarmed Combat


You had 5 spell levels left.
You didn't know any spells.

Dungeon Overview and Level Annotations

Branches:
Dungeon (5/15)
 Temple: D:4-7

Altars:
Gozag

Annotations:
D:4 Duvessa


Innate Abilities, Weirdness & Mutations

You are too large for most types of armour.
You have claws for hands.
Your metabolism is lightning-fast.
You like to eat raw meat.
You heal very quickly.
You are covered in fur (AC +1).
You have very tough skin (AC +2).


Message History

Duvessa closely misses you. x2
You closely miss Duvessa.
Duvessa is heavily wounded.
Duvessa hits you with a short sword! Duvessa closely misses you.
You claw Duvessa!
Duvessa is severely wounded.
Duvessa hits you but does no damage. Duvessa hits you with a short sword!!
You barely miss Duvessa.
Duvessa is severely wounded.
Duvessa misses you. Duvessa hits you with a short sword!
* * * LOW HITPOINT WARNING * * *
You are too injured to fight recklessly!
You are too injured to fight recklessly!
You are too injured to fight recklessly!
You are too injured to fight recklessly!
You're too exhausted to go berserk.
Read which item? (? for menu, Esc to quit)
Okay, then.
Duvessa hits you with a short sword!!
You die...

#.# #.# #.# #.# #.#######
#....##.. #### #.###..##
##...###########.# #....
##.....e@....)...<###..#.
#........######......##..
#........# ##...#####.
#........# ##.## #.
#......### #.# #. #.#....
#.# #. # ####. ##'## #.
#. #...## #. ..
########..## #.


You could see Duvessa (berserk).

Vanquished Creatures
  Menkaure (D:4)
  An ogre (D:4)
  Dowan (D:4)
  A crimson imp (D:4)
  An orc wizard (D:3)
  6 adders
  3 worms
  A dart slug (D:1)
  5 orcs (D:3)
  A ball python (D:2)
  A giant cockroach (D:2)
  7 goblins
  7 hobgoblins
  5 jackals (D:2)
  7 bats
  A giant newt (D:2)
  8 kobolds
  8 rats
65 creatures vanquished.

Notes
Turn   | Place    | Note
--------------------------------------------------------------
     0 | D:1      | Shizoidos the Troll Berserker began the quest for the Orb.
     0 | D:1      | Reached XP level 1. HP: 22/22 MP: 0/0
   454 | D:1      | Reached XP level 2. HP: 24/29 MP: 1/1
  1010 | D:2      | Reached ** piety under Trog
  1144 | D:2      | Reached XP level 3. HP: 36/36 MP: 2/2
  1191 | D:2      | Found an opulent altar of Gozag.
  1713 | D:3      | Reached XP level 4. HP: 15/45 MP: 3/3
  2404 | D:4      | Reached XP level 5. HP: 53/53 MP: 4/4
  2524 | D:4      | Noticed Menkaure
  2551 | D:4      | HP: 1/53 [Menkaure (8)]
  2552 | D:5      | Entered Level 5 of the Dungeon
  2652 | D:4      | Killed Menkaure
  2652 | D:4      | Reached XP level 6. HP: 61/61 MP: 5/5
  2702 | D:4      | Noticed Dowan
  2704 | D:4      | Noticed Duvessa
  2721 | D:4      | Killed Dowan
  2721 | D:4      | Reached *** piety under Trog
  2736 | D:4      | Mangled by Duvessa

Vault maps used:
D:1:      matt_arrival_los_fun
D:2:      st_stairs_5, grunt_gozag_breadcrumbs
D:3:      kennysheep_six_static_rooms
D:4:      first_bread, kennysheep_potato, uniq_duvessa, uniq_menkaure
D:5:      gammafunk_temple_overflow_elements, serial_bayou_lake_a

Skill      XL: |  1  2  3  4  5 |
---------------+----------------+-----
Dodging        | 3 4 |  4.7
Fighting       | 3 |  3.7
Unarmed Combat | 4 |  4.6
Stealth        | |  0.1

Action                   |  1- 3 |  4- 6 || total
-------------------------+-------+-------++-------
Melee: Unarmed           |   119 |    63 ||   182
Invok: Berserk           |       |     3 ||     3
  Use: Scroll            |       |     8 ||     8
       Potion            |       |     4 ||     4
  Eat: Bread ration      |     2 |       ||     2
       Meat ration       |     1 |     2 ||     3
       Fruit             |       |     2 ||     2
       Chunk             |       |     1 ||     1
